Map: Frozen Temple

Players

Fropez - Winner!

  • Race: Protoss Protoss
  • League: Gold
  • Spawn Location: 11:00

Vhaegar

  • Race: Zerg Zerg
  • Spawn Location: 5:00

VOD

Have the link to the VOD?

Description

Time

  • Played on: Sept. 9, 2016, 12:29 p.m.
  • Length: 11:40
Show
View Real Time Build Order
Export as new Build Order

Fropez Protoss - Winner!

Build Orders: 1 Gate Expand 

Get SALT Encoding   

  12  0:01  Probe (Chrono Boost)  
  13  0:17  Pylon  
  13  0:18  Probe (Chrono Boost)  
  14  0:39  Gateway  
  14  0:44  Probe (Chrono Boost)  
  15  0:55  Probe (Chrono Boost)  
  16  1:01  Pylon  
  16  1:05  Probe (Chrono Boost)  
  17  1:22  Nexus  
  17  1:28  Zealot  
  17  1:31  Probe (Chrono Boost)  
  20  1:43  Pylon  
  20  1:49  Probe (Chrono Boost)  
  20  1:54  Gateway  
  20  2:10  Cybernetics Core  
  20  2:11  Probe (Chrono Boost)  
  20  2:13  Assimilator  
  21  2:28  Probe (Chrono Boost)  
  22  2:31  Assimilator  
  22  2:37  Probe (Chrono Boost)  
  22  2:40  Assimilator  
  23  2:56  Probe (Chrono Boost)  
  23  2:57  Probe (Chrono Boost)  
  25  3:00  Adept  
  25  3:01  Adept  
  29  3:07  Probe x2 (Chrono Boost)  
  29  3:09  Assimilator  
  29  3:10  Warp Gate (Chrono Boost)  
  31  3:18  Probe  
  32  3:25  Pylon, Probe  
  33  3:32  Probe  
  34  3:34  Mothership Core  
  34  3:40  Pylon  
  36  3:43  Pylon  
  36  3:45  Probe  
  36  3:48  Adept  
  35  4:22  Probe  
  36  4:24  Probe  
  36  4:27  Robotics Facility  
  36  4:28  Robotics Facility  
  37  4:39  Pylon  
  37  4:41  Pylon  
  37  4:49  Gateway  
  37  4:55  Probe  
  37  4:56  Probe  
  39  5:00  Gateway  
  39  5:01  Pylon  
  39  5:07  Forge  
  39  5:09  Adept  
  39  5:12  Adept  
  43  5:22  Immortal  
  47  5:32  Immortal  
  47  5:34  Probe x2  
  53  6:00  Adept x3  
  53  6:02  Immortal  
  61  6:08  Zealot  
  60  6:11  Observer  
  58  6:21  Probe  
  58  6:22  Probe  
  58  6:24  Adept x2  
  64  6:27  Protoss Ground Weapons Level 1 (Chrono Boost)  
  64  6:32  Immortal  
  68  6:40  Probe  
  68  6:41  Probe, Immortal  
  74  6:47  Stalker  
  74  6:53  Probe x2  
  78  7:05  Adept x3  
  72  7:35  Adept x3  
  72  7:36  Adept  
  76  7:45  Immortal  
  76  7:46  Immortal  
  82  7:54  Gateway  
  82  7:56  Gateway  
  82  8:00  Probe x2  
  82  8:01  Twilight Council  
  82  8:04  Pylon  
  81  8:21  Zealot x4  
  75  8:31  Adept x2  
  75  8:37  Protoss Ground Weapons Level 2 (Chrono Boost)  
  75  8:42  Charge (Chrono Boost)  
  75  8:45  Immortal  
  75  8:47  Observer  
  80  8:52  Probe  
  80  8:55  Pylon  
  81  9:10  Nexus  
  81  9:12  Pylon  
  81  9:15  Pylon  
  78  9:27  Stalker x2  
  79  9:32  Stalker  
  81  9:41  Stalker  
  62  10:36  Adept  
  62  10:37  Adept x5  
  61  10:43  Gateway  
  61  10:45  Gateway  
  61  10:48  Gateway  
  61  10:49  Probe x2, Mothership Core  
  65  11:01  Stalker  
  55  11:25  Stalker x3  
  55  11:26  Stalker x2  
Show
View Real Time Build Order
Export as new Build Order

Vhaegar Zerg 

Build Orders: Pool First 

Get SALT Encoding   

  12  0:01  Drone  
  13  0:19  Overlord  
  13  0:25  Drone  
  14  0:38  Drone x2  
  16  0:43  Spawning Pool  
  15  0:51  Drone  
  16  1:03  Drone x2  
  18  1:22  Extractor  
  17  1:31  Queen, Zergling x2  
  20  1:53  Drone x2  
  22  2:01  Overlord  
  22  2:16  Roach Warren  
  22  2:17  Hatchery  
  20  2:24  Drone  
  20  2:25  Drone  
  22  2:33  Drone  
  23  2:42  Lair  
  23  2:49  Extractor  
  21  2:59  Roach x2  
  21  3:00  Zergling x4  
  27  3:10  Drone  
  28  3:16  Drone  
  28  3:17  Overlord  
  28  3:19  Overlord  
  29  3:29  Queen  
  31  3:39  Metabolic Boost  
  31  3:43  Drone x2  
  33  4:18  Queen  
  35  4:26  Drone x2  
  35  4:27  Drone x5  
  35  4:28  Hydralisk Den  
  41  4:40  Zergling x2  
  41  4:41  Zergling x4, Roach x2  
  48  4:50  Zergling x6  
  51  4:58  Overseer  
  51  4:59  Overlord  
  51  5:07  Glial Reconstitution  
  51  5:09  Hatchery  
  50  5:16  Drone x2  
  50  5:19  Extractor  
  51  5:21  Extractor  
  50  5:34  Hydralisk x4  
  50  5:35  Hydralisk  
  60  5:37  Overlord  
  60  5:51  Overlord  
  53  6:13  Roach x4  
  53  6:14  Roach x3  
  66  6:30  Spire  
  65  6:41  Hydralisk x2  
  65  6:42  Zergling x2  
  65  6:43  Zergling x4  
  72  7:03  Ravager  
  73  7:09  Zergling x2, Roach x3  
  73  7:10  Zergling x2  
  73  7:15  Drone  
  71  7:33  Zergling x4  
  71  7:34  Zergling x10  
  78  7:42  Mutalisk  
  80  7:54  Drone  
  80  7:55  Drone  
  80  7:56  Overlord x2  
  77  8:21  Zergling x2, Mutalisk x5  
  49  8:36  Mutalisk  
  51  8:45  Drone x5  
  51  8:46  Drone  
  57  8:59  Zergling x6  
  60  9:06  Drone  
  60  9:24  Zergling x4  
  60  9:25  Zergling x10  
  59  9:52  Roach x3  
  61  9:53  Roach x2  
  55  10:21  Zergling x12  
  57  10:37  Hatchery  
Tags
 
League
Gold
Matchup
PvZ
Replay Pack
All Mines
Spawn Locations
Cross Positions
Add a new tag
Caveats
  • Supply blocks, unpowered buildings, or Contaminate may cause inaccurate times.
  • Supply counts are checked every 10 seconds.